 Dungeon Crawl Stone Soup version 0.30.1-9-gdf580d7c3d (webtiles) character file.

Game seed: 5955898774888244811

557 leafyfresh the Covert (level 7, 0/60 HPs)
             Began as a Gnoll Delver on Oct 15, 2023.
             Slain by a sky beast (6 damage)
             ... on level 6 of the Dungeon.
             The game lasted 00:04:17 (1322 turns).

leafyfresh the Covert (Gnoll Delver)                Turns: 1322, Time: 00:04:18

Health: 0/60       AC:  3    Str: 11    XL:     7   Next: 30%
Magic:  10/10      EV: 13    Int: 11    God:
Gold:   31         SH:  0    Dex: 14    Spells: 11/11 levels left

rFire   . . .        a - +0 short sword
rCold   . . .        (no shield)
rNeg    . . .        b - +0 leather armour
rPois   .            (no helmet)
rElec   .            (no cloak)
rCorr   .            (no gloves)
SInv    .            (no boots)
Will    .....        (no amulet)
Stlth   ++++         (no ring)
HPRegen 0.30/turn    (no ring)
MPRegen 0.12/turn

%: no passive effects
@: flying
A: fangs 1, strong nose, distributed training
a: no special abilities


You were on level 6 of the Dungeon.
You visited 1 branch of the dungeon, and saw 2 of its levels.
You also visited: Ossuary.

You collected 31 gold pieces.

Inventory:

Hand Weapons
 a - a +0 short sword (weapon)
Armour
 b - a +0 leather armour (worn)
Wands
 g - a wand of digging (3)
Scrolls
 c - 3 scrolls of fog
 d - a scroll of magic mapping
 e - a scroll of fear
 f - 4 scrolls of amnesia {unknown}
Potions
 h - a potion of magic {unknown}
 i - a potion of attraction {unknown}
 j - a potion of lignification
 k - a potion of flight


   Skills:
 + Level 7.0 Fighting
 + Level 5.2 Short Blades
 + Level 2.5 Long Blades
 + Level 2.5 Axes
 + Level 2.5 Maces & Flails
 + Level 2.5 Polearms
 + Level 2.5 Staves
 + Level 2.5 Ranged Weapons
 + Level 2.5 Throwing
 + Level 2.5 Armour
 + Level 5.2 Dodging
 + Level 9.9 Stealth
 + Level 2.5 Shields
 + Level 2.5 Unarmed Combat
 + Level 2.5 Spellcasting
 + Level 2.0 Conjurations
 + Level 2.0 Hexes
 + Level 2.0 Summonings
 + Level 2.0 Necromancy
 + Level 2.0 Translocations
 + Level 2.0 Transmutations
 + Level 2.0 Fire Magic
 + Level 2.0 Ice Magic
 + Level 2.0 Air Magic
 + Level 2.0 Earth Magic
 + Level 2.0 Poison Magic
 + Level 2.8 Invocations
 + Level 2.5 Evocations


You had 11 spell levels left.
You didn't know any spells.
Your spell library was empty.

Dungeon Overview and Level Annotations

Branches:
Dungeon (6/15)            Ossuary (visited)
 Temple: D:4-7

Altars:


Innate Abilities, Weirdness & Mutations

You have very sharp teeth.
Your uncanny sense of smell can sniff out nearby items.
Your experience applies equally to all skills.


Message History

You closely miss the sky beast.
The sky beast is lightly wounded.
The sky beast closely misses you.
You barely miss the sky beast.
The sky beast is lightly wounded.
Unknown command.
You hit the sky beast.
The sky beast is moderately wounded.
The sky beast barely misses you.
You closely miss the sky beast.
You bite the sky beast, but do no damage.
The sky beast is moderately wounded.
The sky beast hits you. The sky beast shocks you.
You barely miss the sky beast.
You punch the sky beast, but do no damage.
The sky beast is moderately wounded.
The sky beast hits you but does no damage.
You hit the sky beast but do no damage.
The sky beast is moderately wounded.
You miss the sky beast.
The sky beast is moderately wounded.
The sky beast hits you. The sky beast shocks you.
* * * LOW HITPOINT WARNING * * *
You barely miss the sky beast. Your bite misses the sky beast.
The sky beast is moderately wounded.
The sky beast hits you.
* * * LOW HITPOINT WARNING * * *
The sky beast shocks you.
* * * LOW HITPOINT WARNING * * *
You hit the sky beast but do no damage.
The sky beast is moderately wounded.
The sky beast closely misses you.
Unknown command.
Okay, then.
It was a potion of flight.
You feel very buoyant.
You fly up into the air.
The sky beast hits you.
* * * LOW HITPOINT WARNING * * *
The sky beast shocks you.
You die...

##
#######.........#<#
........#######.#.#
######### #...# ###
###.#####
...#########
#....<.#
.........?.#
#.####...#
...........## ##.#
##
............####..#
.............Y@..##
............###..#
............# ####
............#
.......[#####
######### ∆ ∆


You could see a sky beast.

Vanquished Creatures
  Sigmund (D:6)
  A centaur (D:6)
  2 bullfrogs
  A howler monkey (D:6)
  2 centaur zombies (Ossuary)
  A human zombie (Ossuary)
  2 mummies (Ossuary)
  2 adder zombies (Ossuary)
  3 orcs (D:6)
  2 goblin zombies (Ossuary)
  9 hobgoblin zombies (Ossuary)
  2 jackal zombies (Ossuary)
  9 kobold zombies (Ossuary)
  9 orc zombies (Ossuary)
46 creatures vanquished.

Notes
Turn   | Place    | Note
-------+----------+-------------------------------------------
     0 | D:5      | Reached skill level 9 in Stealth
     0 | D:5      | leafyfresh the Gnoll Delver began the quest for the Orb.
     0 | D:5      | Reached XP level 1. HP: 23/23 MP: 1/1
     1 | D:5      | Noticed a bullfrog
     4 | D:5      | Noticed a scorpion
     7 | D:5      | Killed a bullfrog
     8 | D:5      | Reached skill level 1 in Long Blades
     8 | D:5      | Reached skill level 1 in Axes
     8 | D:5      | Reached skill level 1 in Maces & Flails
     8 | D:5      | Reached skill level 1 in Polearms
     8 | D:5      | Reached skill level 1 in Staves
     8 | D:5      | Reached skill level 1 in Ranged Weapons
     8 | D:5      | Reached skill level 1 in Throwing
     8 | D:5      | Reached skill level 1 in Armour
     8 | D:5      | Reached skill level 1 in Shields
     8 | D:5      | Reached skill level 1 in Unarmed Combat
     8 | D:5      | Reached skill level 1 in Spellcasting
     8 | D:5      | Reached skill level 1 in Invocations
     8 | D:5      | Reached skill level 1 in Evocations
     8 | D:5      | Reached XP level 2. HP: 29/29 MP: 1/3
     8 | D:5      | Reached XP level 3. HP: 35/35 MP: 1/4
     8 | D:5      | Reached XP level 4. HP: 41/41 MP: 1/5
    17 | D:6      | Noticed a centaur
    18 | D:6      | Killed a centaur
    19 | D:6      | Reached skill level 1 in Conjurations
    19 | D:6      | Reached skill level 1 in Hexes
    19 | D:6      | Reached skill level 1 in Summonings
    19 | D:6      | Reached skill level 1 in Necromancy
    19 | D:6      | Reached skill level 1 in Translocations
    19 | D:6      | Reached skill level 1 in Transmutations
    19 | D:6      | Reached skill level 1 in Fire Magic
    19 | D:6      | Reached skill level 1 in Ice Magic
    19 | D:6      | Reached skill level 1 in Air Magic
    19 | D:6      | Reached skill level 1 in Earth Magic
    19 | D:6      | Reached skill level 1 in Poison Magic
    19 | D:6      | Reached XP level 5. HP: 47/47 MP: 1/7
   266 | D:6      | Found a sand-covered staircase.
   269 | D:6      | Noticed Sigmund
   271 | D:6      | Noticed a sky beast
   275 | D:6      | Killed Sigmund
   276 | D:6      | Reached skill level 5 in Short Blades
   276 | D:6      | Reached skill level 5 in Dodging
   276 | D:6      | Reached XP level 6. HP: 53/53 MP: 7/9
   279 | Ossuary  | Entered an ossuary
   765 | Ossuary  | Reached XP level 7. HP: 47/60 MP: 10/10
  1322 | D:6      | Slain by a sky beast

Illustrated notes

Levels and vault maps discovered:
D:5:      layout_cave_pools, nicolae_yredelemnul_corpse_copse,
          mrwooster_statue_mirror
D:6:      layout_rooms, minmay_temple_entry_water_ring, enter_ossuary_1,
          uniq_sigmund

Skill      XL: |  1  2  3  4  5  6  7 |
---------------+----------------------+-----
Stealth        | |  9.9
Long Blades    | 1 2 |  2.5
Axes           | 1 2 |  2.5
Maces & Flails | 1 2 |  2.5
Polearms       | 1 2 |  2.5
Staves         | 1 2 |  2.5
Ranged Weapons | 1 2 |  2.5
Throwing       | 1 2 |  2.5
Armour         | 1 2 |  2.5
Shields        | 1 2 |  2.5
Unarmed Combat | 1 2 |  2.5
Spellcasting   | 1 2 |  2.5
Invocations    | 1 2 |  2.8
Evocations     | 1 2 |  2.5
Conjurations   | 1 2 |  2.0
Hexes          | 1 2 |  2.0
Summonings     | 1 2 |  2.0
Necromancy     | 1 2 |  2.0
Translocations | 1 2 |  2.0
Transmutations | 1 2 |  2.0
Fire Magic     | 1 2 |  2.0
Ice Magic      | 1 2 |  2.0
Air Magic      | 1 2 |  2.0
Earth Magic    | 1 2 |  2.0
Poison Magic   | 1 2 |  2.0
Short Blades   | 5 |  5.2
Dodging        | 5 |  5.2
Fighting       | 7 |  7.0

Action                     |  1- 3 |  4- 6 |  7- 9 || total
---------------------------+-------+-------+-------++-------
  Melee: Short sword       |     1 |   168 |   136 ||   305
         Bite              |       |    19 |    24 ||    43
         Punch             |       |     4 |     4 ||     8
    Use: Potion            |       |     1 |     2 ||     3
   Stab: Sleeping          |     1 |     5 |       ||     6
         Distracted        |       |       |     1 ||     1
 Armour: Leather armour    |       |    40 |    15 ||    55
         Skin              |       |       |    11 ||    11
  Dodge: Dodged            |       |   101 |    48 ||   149
